 Dungeon Crawl Stone Soup version 0.20.2-3-g29329e0561 (webtiles) character file.

557 Alfie the Shield-Bearer (level 7, -2/60 HPs)
             Began as a Hill Orc Fighter on Jan 30, 2023.
             Slain by Alfie's ghost (10 damage)
             ... on level 5 of the Dungeon.
             The game lasted 00:09:56 (3276 turns).

Alfie the Shield-Bearer (Hill Orc Fighter)          Turns: 3276, Time: 00:09:57

Health: -2/60      AC:  8    Str: 21    XL:     7   Next: 30%
Magic:  7/7        EV:  8    Int:  8    God:
Gold:   155        SH: 10    Dex: 10    Spells: 6/6 levels left

rFire    x . .     SeeInvis .   a - +2 rapier
rCold    + . .     Gourm    .   c - +0 shield
rNeg     . . .     Faith    .   b - +0 scale mail
rPois    .         Spirit   .   (no helmet)
rElec    .         Reflect  .   (no cloak)
rCorr    .         Harm     .   k - +0 pair of gloves
MR       .....                  (no boots)
Stlth    ..........             (no amulet)
Regen    0.2/turn               m - ring of ice
MPRegen  0.1/turn               (no ring)

@: flying
A: no striking features
a: no special abilities


You were on level 5 of the Dungeon.
You were not hungry.

You visited 1 branch of the dungeon, and saw 5 of its levels.

You collected 155 gold pieces.

Inventory:

Hand Weapons
 a - a +2 rapier (weapon)
Armour
 b - a +0 scale mail (worn)
 c - a +0 shield (worn)
 k - a +0 pair of gloves (worn)
Jewellery
 f - an uncursed amulet of the gourmand
 g - a cursed ring of teleportation
 m - a ring of ice (left hand)
Scrolls
 e - 2 scrolls of recharging {unknown}
 h - 4 scrolls of remove curse
 j - a scroll of magic mapping {unknown}
 l - a scroll of fear {unknown}
 n - a scroll of enchant armour {unknown}
 p - a scroll of identify
 q - a scroll of teleportation
Comestibles
 d - a bread ration
 o - 2 meat rations


   Skills:
 + Level 4.8 Fighting
 + Level 4.6 Short Blades
 + Level 5.0 Armour
 + Level 1.4 Dodging
 + Level 5.2 Shields


You had 6 spell levels left.
You didn't know any spells.

Dungeon Overview and Level Annotations

Branches:
Dungeon (5/15)
 Temple: D:4-7

Altars:
Cheibriados
Elyvilon
Fedhas
Kikubaaqudgha
Nemelex Xobeh
Trog

Annotations:
D:5 Alfie's ghost, amateur HOFi


Message History

Alfie's ghost hits you!
* * * LOW HITPOINT WARNING * * *
It was a potion of flight.
You feel very buoyant.
You fly up into the air.
Alfie's ghost closely misses you.
You completely miss Alfie's ghost.
Alfie's ghost is moderately damaged.
Alfie's ghost hits you.
* * * LOW HITPOINT WARNING * * *
You barely miss Alfie's ghost.
Alfie's ghost is moderately damaged.
Alfie's ghost hits you but does no damage.
You closely miss Alfie's ghost.
Alfie's ghost is moderately damaged.
Alfie's ghost hits you.
* * * LOW HITPOINT WARNING * * *
You closely miss Alfie's ghost.
Alfie's ghost is moderately damaged.
Alfie's ghost hits you!
You die...

########## .........
#........ #@#######
#.## #W#..... ...# #
#h#.#.## #..# #.
#......#. #..#
..##..#......#.##..#
...h.........#.....##
..##.........###....#
#.....###..#......#
#.....# #..#....#.#


You could see Alfie's ghost and a jackal.

Vanquished Creatures
  The ghost of Alfie the Covered, an amateur HOFi (D:4)
  A water moccasin (D:3)
  A crimson imp (D:3)
  An orc wizard (D:4)
  4 gnolls (D:3)
  3 adders
  An ooze (D:2)
  An adder skeleton (D:4)
  2 worms
  A dart slug (D:2)
  4 leopard geckos
  7 orcs
  2 ball pythons
  5 bats
  6 giant cockroaches
  12 goblins
  7 hobgoblins
  9 jackals
  3 frilled lizards
  6 kobolds
  7 rats
84 creatures vanquished.

Notes
Turn   | Place    | Note
-------+----------+-------------------------------------------
     0 | D:1      | Alfie the Hill Orc Fighter began the quest for the Orb.
     0 | D:1      | Reached XP level 1. HP: 19/19 MP: 1/1
   231 | D:1      | Reached XP level 2. HP: 24/27 MP: 2/2
   656 | D:2      | Reached XP level 3. HP: 33/33 MP: 3/3
  1275 | D:3      | Reached XP level 4. HP: 17/40 MP: 4/4
  1643 | D:3      | Noticed a water moccasin
  1661 | D:3      | HP: 2/40 [water moccasin (2)]
  1668 | D:3      | Killed a water moccasin
  1668 | D:3      | Reached skill level 1 in Dodging
  1668 | D:3      | Reached XP level 5. HP: 27/47 MP: 5/5
  2029 | D:3      | Reached XP level 6. HP: 16/53 MP: 6/6
  2342 | D:4      | Found a bloodstained altar of Trog.
  2676 | D:4      | Noticed Alfie's ghost (amateur HOFi)
  2692 | D:4      | Killed Alfie's ghost
  2692 | D:4      | Reached skill level 5 in Armour
  2692 | D:4      | Reached skill level 5 in Shields
  2692 | D:4      | Reached XP level 7. HP: 45/60 MP: 7/7
  3013 | D:5      | Entered Level 5 of the Dungeon
  3061 | D:5      | Found a white marble altar of Elyvilon.
  3062 | D:5      | Found a snail-covered altar of Cheibriados.
  3064 | D:5      | Found a blossoming altar of Fedhas.
  3067 | D:5      | Found a sparkling altar of Nemelex Xobeh.
  3073 | D:5      | Found an ancient bone altar of Kikubaaqudgha.
  3230 | D:5      | Noticed Alfie's ghost (amateur HOFi)
  3276 | D:5      | Slain by Alfie's ghost

Skill      XL: |  1  2  3  4  5  6 |
---------------+-------------------+-----
Fighting       | 4 |  4.8
Shields        | 4 5 |  5.2
Short Blades   | 3 4 |  4.6
Armour         | 4 5 |  5.0
Dodging        | 1 |  1.4

Action                   |  1- 3 |  4- 6 |  7- 9 || total
-------------------------+-------+-------+-------++-------
Melee: Rapier            |   111 |   188 |    60 ||   359
  Use: Scroll            |     3 |     8 |       ||    11
       Potion            |       |     3 |     1 ||     4
  Eat: Bread ration      |     1 |     1 |       ||     2
Armor: Scale mail        |    59 |    89 |    17 ||   165
Dodge: Dodged            |    39 |    54 |    22 ||   115
Block: Shield            |    61 |    90 |    21 ||   172
